 Dungeon Crawl Stone Soup version 0.20.1-1-g8b1a95d (webtiles) character file.

262 JaMaZz the Chopper (level 5, -9/47 HPs)
             Began as a Minotaur Berserker on Oct 5, 2017.
             Was a Follower of Trog.
             Mangled by Mitsuki's ghost (11 damage)
             ... on level 3 of the Dungeon.
             The game lasted 00:15:02 (2340 turns).

JaMaZz the Chopper (Minotaur Berserker)             Turns: 2340, Time: 00:15:03

Health: -9/47      AC:  7    Str: 21      XL:     5   Next: 97%
Magic:  4/4        EV: 12    Int:  5      God:    Trog [*.....]
Gold:   141        SH:  0    Dex:  9 (10) Spells: 4/4 levels left

rFire    . . .     SeeInvis .   a - +0 hand axe
rCold    . . .     Gourm    .   (no shield)
rNeg     . . .     Faith    .   o - +0 ring mail
rPois    .         Spirit   .   (helmet restricted)
rElec    .         Reflect  .   (no cloak)
rCorr    .         Harm     .   (no gloves)
MR       .....                  s - +1 pair of boots
Stlth    +.........             (no amulet)
Regen    0.2/turn               (no ring)
MPRegen  0.1/turn               (no ring)

@: no status effects
A: retaliatory headbutt, hooves 1, horns 2, deterioration 1
a: Berserk, Burn Spellbooks, Renounce Religion


You were on level 3 of the Dungeon.
You worshipped Trog.
Trog was aware of your devotion.
You were not hungry.

You visited 1 branch of the dungeon, and saw 3 of its levels.

You collected 141 gold pieces.

Inventory:

Hand Weapons
 a - a +0 hand axe (weapon)
 e - a +0 hunting sling
Missiles
 c - 15 poisoned needles
 g - 113 stones (quivered)
 k - 9 arrows
 l - 48 sling bullets
Armour
 b - a +0 animal skin
 o - a +0 ring mail (worn)
 s - a +1 pair of boots (worn)
Scrolls
 p - 2 scrolls of teleportation
Potions
 d - a potion of mutation
 i - a potion of cancellation
 j - a potion of flight
 m - a potion of agility {unknown}
 n - 4 potions of curing
 r - a potion of brilliance {unknown}
Comestibles
 f - 2 royal jellies
 h - 2 meat rations
 q - 2 chunks of flesh


   Skills:
 + Level 4.7 Fighting
 + Level 5.6 Axes
 + Level 1.3 Throwing
 + Level 3.4 Armour
 + Level 3.1 Dodging
 + Level 1.5 Stealth


You had 4 spell levels left.
You didn't know any spells.

Dungeon Overview and Level Annotations

Branches:
Dungeon (3/15)

Altars:
Nemelex Xobeh

Annotations:
D:3 Mitsuki's ghost, amateur HOFi


Innate Abilities, Weirdness & Mutations

You reflexively headbutt those who attack you in melee.
You have a pair of horns on your head.
You have large cloven feet.
Your body sometimes deteriorates upon taking damage.


Message History

You hit Mitsuki's ghost.
Mitsuki's ghost is severely damaged.
Mitsuki's ghost hits you!
* * * LOW HITPOINT WARNING * * *
You barely miss Mitsuki's ghost.
Mitsuki's ghost is severely damaged.
Mitsuki's ghost barely misses you.
You hit Mitsuki's ghost but do no damage.
Mitsuki's ghost is severely damaged.
Mitsuki's ghost hits you.
* * * LOW HITPOINT WARNING * * *
You barely miss Mitsuki's ghost.
You headbutt Mitsuki's ghost, but do no damage.
Mitsuki's ghost is severely damaged.
Mitsuki's ghost hits you.
* * * LOW HITPOINT WARNING * * *
You hit Mitsuki's ghost. You headbutt Mitsuki's ghost.
Mitsuki's ghost is almost destroyed.
Mitsuki's ghost hits you!
You die...

.# .. #.# .#
.# .#
###.##.##
#.......#
#(.#....###.
#@W(.((.(.'.
#.#.......##
#.........#
###.##.##.#
#.##.##.#
#>......#
####%####
#.# #.#


You could see Mitsuki's ghost.

Vanquished Creatures
  Grinder (D:3)
  Robin (D:3)
  2 adders (D:2)
  A leopard gecko (D:3)
  An orc (D:3)
  4 hobgoblins
  3 kobolds
  A quokka (D:2)
  4 bats
  3 frilled lizards (D:1)
  10 goblins
  4 rats
35 creatures vanquished.

Notes
Turn   | Place    | Note
-------+----------+-------------------------------------------
     0 | D:1      | JaMaZz the Minotaur Berserker began the quest for the Orb.
     0 | D:1      | Reached XP level 1. HP: 19/19 MP: 0/0
   605 | D:1      | Reached skill level 4 in Axes
   698 | D:1      | Reached XP level 2. HP: 27/27 MP: 1/1
  1455 | D:2      | Found a sparkling altar of Nemelex Xobeh.
  1724 | D:2      | Reached XP level 3. HP: 23/33 MP: 2/2
  2043 | D:3      | Noticed Robin
  2044 | D:3      | Noticed Grinder
  2050 | D:3      | Killed Robin
  2064 | D:3      | Killed Grinder
  2064 | D:3      | Reached skill level 5 in Axes
  2064 | D:3      | Reached skill level 1 in Throwing
  2064 | D:3      | Reached skill level 1 in Stealth
  2064 | D:3      | Reached XP level 4. HP: 12/41 MP: 3/3
  2064 | D:3      | Reached XP level 5. HP: 14/47 MP: 4/4
  2066 | D:3      | Reached ** piety under Trog
  2307 | D:3      | Noticed Mitsuki's ghost (amateur HOFi)
  2331 | D:3      | Gained mutation: Your body sometimes deteriorates upon taking damage. [potion of mutation]
  2331 | D:3      | Gained mutation: You have large cloven feet. [potion of mutation]
  2339 | D:3      | HP: 2/47 [Mitsuki's ghost (3)]
  2340 | D:3      | Mangled by Mitsuki's ghost

Skill      XL: |  1  2  3 |
---------------+----------+-----
Axes           | 4 5 |  5.6
Fighting       | 4 |  4.7
Throwing       | 1 |  1.3
Armour         | 3 |  3.4
Dodging        | 3 |  3.1
Stealth        | 1 |  1.5

Action                   |  1- 3 |  4- 6 || total
-------------------------+-------+-------++-------
Melee: Hand axe          |    67 |    30 ||    97
       Headbutt          |     5 |     6 ||    11
Throw: Stone             |    12 |     4 ||    16
Invok: Berserk           |     1 |       ||     1
       Trog's Hand       |       |     1 ||     1
  Use: Scroll            |     6 |     1 ||     7
       Potion            |       |     5 ||     5
 Stab: Sleeping          |     1 |       ||     1
  Eat: Bread ration      |     1 |     1 ||     2
Armor: Animal skin       |     9 |       ||     9
       Ring mail         |    11 |     7 ||    18
Dodge: Dodged            |    56 |    11 ||    67
